 Dungeon Crawl Stone Soup version 0.27.1-3-gb3d3a73c9e (webtiles) character file.

Game seed: 7716913666216648602

368 raph the Spear-Bearer (level 6, -1/47 HPs)
             Began as a Merfolk Gladiator on Oct 14, 2021.
             Was a Believer of Cheibriados.
             Slain by a gnoll (4 damage)
             ... on level 4 of the Dungeon.
             The game lasted 00:06:18 (3354 turns).

raph the Spear-Bearer (Merfolk Gladiator)           Turns: 3354, Time: 00:06:19

Health: -1/47      AC:  7    Str: 19    XL:     6   Next: 69%
Magic:  2/7        EV: 15    Int: 13    God:    Cheibriados [**....]
Gold:   36         SH:  0    Dex: 22    Spells: 5/5 levels left

rFire    . . .     SeeInvis .   a - +0 trident
rCold    + . .     Faith    .   (no shield)
rNeg     . . .     Spirit   .   b - +0 leather armour
rPois    +         Reflect  .   c - +0 helmet
rElec    .         Harm     .   p - +1 cloak
rCorr    +         Rampage  .   (no gloves)
Will     .....                  g - +0 pair of boots
Stlth    ++........             (no amulet)
HPRegen  0.15/turn              h - ring of Gaje {rPois rC+ rCorr Slay+2}
MPRegen  0.10/turn              (no ring)

@: very slow
A: (nimble swimmer 2), mertail
a: Renounce Religion, Bend Time


You were on level 4 of the Dungeon.
You worshipped Cheibriados.
Cheibriados was pleased with you.
You visited 1 branch of the dungeon, and saw 4 of its levels.

You collected 126 gold pieces.
You spent 90 gold pieces at shops.

Inventory:

Hand Weapons
 a - a +0 trident (weapon)
Missiles
 d - 3 throwing nets
 e - 16 poisoned darts
 f - 4 boomerangs (quivered)
Armour
 b - a +0 leather armour (worn)
 c - a +0 helmet (worn)
 g - a +0 pair of boots (worn)
 p - a +1 cloak (worn)
Jewellery
 h - the ring of Gaje (left hand) {rPois rC+ rCorr Slay+2}
   (You acquired it on level 3 of the Dungeon)

   [ring of poison resistance]

   Slay:      It affects your accuracy & damage with ranged weapons and melee
   (+2).
   rC:        It protects you from cold.
   rPois:     It protects you from poison.
   rCorr:     It protects you from acid and corrosion.
 j - a ring of flight
Scrolls
 m - a scroll of fog
Potions
 i - 2 potions of resistance {unknown}
 k - a potion of haste {unknown}
 l - a potion of heal wounds {unknown}
 n - a potion of attraction {unknown}
 o - 3 potions of mutation {unknown}


   Skills:
 + Level 3.2 Fighting
 * Level 8.3 Polearms
 - Level 2.0 Throwing
 + Level 4.9 Dodging
 + Level 2.2 Stealth
 + Level 2.1 Invocations


You had 5 spell levels left.
You didn't know any spells.
Your spell library contained the following spells:

 Spells                   Type           Power      Damage    Failure   Level
 Corpse Rot               Necr/Air       N/A        N/A       50%         2
 Slow                     Hex            0%         N/A       50%         2
 Confusing Touch          Hex            0%         N/A       73%         3
 Ozocubu's Armour         Ice            0%         N/A       73%         3
 Dispel Undead            Necr           0%         3d6       98%         4
 Yara's Violent Unravell  Hex/Tmut       0%         3d3       100%        5
 Death Channel            Necr           0%         N/A       100%        6
 Ozocubu's Refrigeration  Ice            0%         4d5       100%        7


Dungeon Overview and Level Annotations

Branches:
Dungeon (4/15)
 Temple: D:4-7

Altars:
Cheibriados
Ru

Shops:
D:3 ?

Portals:
Abyss: D:4

Annotations:
D:4 1 transporter, unihiutale's ghost, amateur HuWn


Innate Abilities, Weirdness & Mutations

((You are quick and stealthy near water. (Stealth+, EV+, Speed+++)))
Your lower body shifts to a powerful aquatic tail in water.


Message History

The iguana seems to slow down.
The iguana bites you. The gnoll closely misses you.
You hit the iguana but do no damage.
The iguana is moderately wounded.
The gnoll barely misses you. The iguana completely misses you.
You barely miss the gnoll. The gnoll closely misses you. x2
The gnoll hits you but does no damage.
You hit the gnoll but do no damage. The gnoll barely misses you.
The iguana bites you. The gnoll hits you with a +0 whip!
The gnoll closely misses you. The gnoll misses you.
You hit the gnoll.
The gnoll is heavily wounded.
The gnoll barely misses you. x3
You hit the gnoll.
The gnoll is almost dead.
The gnoll misses you. x2; The gnoll hits you with a +0 whip.
The gnoll barely misses you.
You puncture the gnoll!
You kill the gnoll!
Cheibriados appreciates the change of pace.
The gnoll hits you with a +0 club. The gnoll hits you with a +0 flail!
The gnoll completely misses you. The gnoll hits you with a +0 club!
* * * LOW HITPOINT WARNING * * *
The gnoll barely misses you.
Okay, then.
Okay, then.
The gnoll hits you but does no damage. The gnoll misses you.
The gnoll hits you with a +0 flail!
* * * LOW HITPOINT WARNING * * *
The gnoll hits you but does no damage. The flow of time bends around you.
Cheibriados rebukes the gnoll.
The gnoll seems to slow down.
Cheibriados rebukes the gnoll.
The gnoll seems to slow down.
The gnoll resists with some effort.
The gnoll barely misses you. The gnoll hits you but does no damage.
You hit the gnoll.
The gnoll is heavily wounded.
The iguana is no longer moving slowly.
The gnoll hits you with a +0 club.
You die...

#.......# .
#.......#
##.####...^...#
..............#
#.......).##>##
#.........####
#.........l.#
##........ggg# #
#..........@.# ..
♣#............#
.#.##.......#.....#
...#............###
# ♣............#
##.###..........#
..#. #...#......#
##.#.##..#......#
©##...#©.########


You could see an iguana and 3 gnolls.

Vanquished Creatures
  An ice beast (D:3)
  A phantom (D:4)
  Crazy Yiuf (D:3)
  Jessica (D:3)
  Natasha (twice) (D:3)
  A gnoll (D:4)
  2 adders
  3 worms
  2 dart slugs
  5 orcs (D:4)
  4 bats
  4 endoplasms
  A giant cockroach (D:3)
  5 goblins
  5 hobgoblins
  2 jackals (D:2)
  3 quokkas
  4 ball pythons
  A frilled lizard (D:2)
  8 kobolds
  3 rats (D:2)
59 creatures vanquished.

Notes
Turn   | Place    | Note
-------+----------+-------------------------------------------
     0 | D:1      | raph the Merfolk Gladiator began the quest for the Orb.
     0 | D:1      | Reached XP level 1. HP: 16/16 MP: 1/1
   114 | D:1      | Reached skill level 5 in Polearms
   232 | D:1      | Found a faded altar of an unknown god.
   240 | D:1      | Became a worshipper of Cheibriados the Contemplative
   240 | D:1      | Reached * piety under Cheibriados
   243 | D:1      | Reached XP level 2. HP: 22/22 MP: 2/2
  1034 | D:2      | Reached skill level 6 in Polearms
  1034 | D:2      | Reached XP level 3. HP: 25/27 MP: 3/3
  1224 | D:2      | Reached ** piety under Cheibriados
  1748 | D:3      | Identified a scroll of acquirement
  1748 | D:3      | Acquired the ring of Gaje {rPois rC+ rCorr Slay+2}
  1760 | D:3      | Noticed Natasha
  1774 | D:3      | Killed Natasha
  1775 | D:3      | Reached skill level 7 in Polearms
  1775 | D:3      | Reached XP level 4. HP: 7/33 MP: 4/4
  2011 | D:3      | Found a sacrificial altar of Ru.
  2059 | D:3      | Noticed Jessica
  2073 | D:3      | Killed Jessica
  2303 | D:3      | Found a runed translucent door.
  2304 | D:3      | Noticed Crazy Yiuf
  2313 | D:3      | Killed Crazy Yiuf
  2314 | D:3      | Reached skill level 1 in Stealth
  2314 | D:3      | Reached skill level 1 in Invocations
  2314 | D:3      | Reached XP level 5. HP: 39/39 MP: 5/5
  2585 | D:3      | Found Jefridio's Magic Scroll Shoppe.
  2709 | D:3      | Bought a scroll of enchant armour for 90 gold pieces
  2890 | D:3      | Noticed Natasha
  2910 | D:3      | Noticed an ice beast
  2921 | D:3      | Killed an ice beast
  2922 | D:3      | Reached XP level 6. HP: 46/46 MP: 5/7
  3011 | D:3      | Killed Natasha
  3012 | D:3      | Reached skill level 8 in Polearms
  3222 | D:4      | Found a one-way gate to the infinite horrors of the Abyss.
  3222 | D:4      | Noticed unihiutale's ghost (amateur HuWn)
  3250 | D:4      | Found a transporter.
  3354 | D:4      | Slain by a gnoll

Illustrated notes

Levels and vault maps discovered:
D:1:      co_arrival_square_in_a_square_in_a_square, layout_loops_cross,
          shapermc_ecumenical_altar_totnotflames
D:2:      layout_rooms, minmay_misc_feat_doors, st_stairs_14,
          chequers_serial_rivers_micro_e, minmay_misc_feat_enclosed
D:3:      layout_loops_corners, nicolae_ru_sacrificial_ziggurat, serial_shops,
          nicolae_diamond_shop, uniq_jessica, uniq_natasha,
          uniq_crazy_yiuf_cottage
D:4:      layout_basic, lemuel_doored_altar, gammafunk_ghost_abyssal_escape,
          serial_park_tiny_pond

Skill      XL: |  1  2  3  4  5  6 |
---------------+-------------------+-----
Polearms       | 5 6 7 8 |  8.3
Stealth        | 1 2 |  2.2
Invocations    | 1 2 |  2.1
Fighting       | 3 |  3.2
Throwing       | |  2.0
Dodging        | |  4.9

Action                   |  1- 3 |  4- 6 || total
-------------------------+-------+-------++-------
Melee: Trident           |   101 |    68 ||   169
Throw: Boomerang         |     6 |    10 ||    16
Invok: Bend Time         |       |     2 ||     2
  Use: Scroll            |     2 |     5 ||     7
 Stab: Sleeping          |     4 |     2 ||     6
Armor: Leather armour    |    17 |    16 ||    33
Dodge: Dodged            |    60 |    43 ||   103
